[Event "Srdja Dragasevic Memorial-A 2024"]
[Site "Cetinje"]
[Date "2024.06.24"]
[Round "4.1"]
[White "Karthik Venkataraman"]
[Black "Saraci, Nderim"]
[Result "1/2-1/2"]
[ECO "A18"]
[WhiteElo "2590"]
[BlackElo "2449"]
[Annotator "TA"]
[PlyCount "76"]
[EventDate "2024.06.23"]
[EventType "swiss"]
[EventCountry "MNE"]
[SourceTitle "playchess.com"]
[Source "ChessBase"]
[SourceQuality "1"]
[TimeControl "40/5400+30:1800+30"]

1. c4 Nf6 2. Nc3 e6 3. e4 d5 4. cxd5 exd5 5. e5 d4 6. exf6 dxc3 7. Qe2+ Be6 8. dxc3 {[%emt 0:00:34] aiming for fxg7.} Qxf6 9. Nf3 Nd7 10. g3 Bc5 11. Ng5 O-O 12. Nxe6 Rfe8 13. Bh3 Nf8 $1 {[%emt 0:00:06][%cal Rf8e6] [#]} 14. O-O $1 {[%emt 0:01:20][%cal Oe2b5] Strongly threatening Qb5!} Nxe6 15. Qc4 {[%emt 0:00:41] Inhibits Nf4. And now Bxe6 would win.} Bb6 16. Bg2 Rab8 17. h4 h6 18. a4 a5 19. Qb5 Red8 20. Kh2 Rd6 21. Be3 Qe7 22. Rae1 Bxe3 23. Rxe3 b6 24. Rfe1 Qd7 25. Qxd7 Rxd7 {[%emt 0:00:06] The position is equal.} 26. Be4 Rd2 27. R3e2 Rbd8 28. h5 Kf8 29. f4 Ke7 30. Kh3 Kf6 31. Bc2 Rxe2 32. Rxe2 $11 {[%emt 0:00:01][%mdl 4096] Endgame. KRB-KRN} g5 33. fxg5+ Nxg5+ 34. Kg2 Rd5 35. g4 Re5 36. Rd2 Ne4 37. Rd1 Nd6 38. Kf3 {[%emt 0:08:48] Against Re2} b5 {[%emt 0:01:44] A balanced but interesting game.   Weighted Error Value: White=0.06 (flawless) /Black=0.04 (flawless) .  Inaccurate:     	White=1     	Black=1      OK:         	White=17    	Black=15     Strong:       	---       	Black=1} 1/2-1/2

[Event "Srdja Dragasevic Memorial-A 2024"]
[Site "Cetinje"]
[Date "2024.06.24"]
[Round "4.2"]
[White "Yaksin, Oleg"]
[Black "Petrov, Nikita"]
[Result "0-1"]
[ECO "A64"]
[WhiteElo "2389"]
[BlackElo "2566"]
[Annotator "TA"]
[PlyCount "84"]
[EventDate "2024.06.23"]
[EventType "swiss"]
[EventCountry "MNE"]
[SourceTitle "playchess.com"]
[Source "ChessBase"]
[SourceQuality "1"]
[TimeControl "40/5400+30:1800+30"]

1. d4 Nf6 2. c4 e6 3. g3 c5 4. d5 exd5 5. cxd5 d6 6. Nc3 g6 7. Bg2 Bg7 8. Nf3 O-O 9. O-O Re8 10. Nd2 a6 11. a4 Nbd7 12. h3 Rb8 13. Nc4 Ne5 14. Na3 Nh5 15. e4 Bd7 16. a5 b5 (16... Qxa5 $5 17. g4 Nf6 $14) 17. axb6 Bb5 18. Naxb5 {[%emt 0:01:07] The position is equal.} axb5 19. Nxb5 Qxb6 20. Na3 Qb3 21. g4 Nf6 22. Qe2 (22. Rb1 $11 {remains equal.}) 22... Nd3 $17 {[%emt 0:08:06] Black is much more active. Black continues to play with concentration.} 23. Rd1 {[%emt 0:03:47] [#]} (23. Qd1 $1 $15) 23... Nxc1 $1 $19 (23... Nxb2 24. Bxb2 Qxb2 25. Qxb2 Rxb2 26. Nc4 $14) 24. Raxc1 {[%emt 0:00:06] [#]} Nxd5 $1 {[%emt 0:00:35][%mdl 512] Strongly threatening ...Nf4.} 25. Nc4 (25. Rxd5 $2 Qxd5 (25... Qxb2 26. Qxb2 Bxb2 27. Rc2 $15) 26. Nb5 Qg5 $19) (25. Qc2 Bxb2) 25... Nf4 $36 {[%emt 0:01:24][%mdl 2048] Black is really pushing.} (25... Bxb2 $2 26. Qxb2 Qxb2 27. Nxb2 $18) 26. Qf1 Bd4 (26... Bxb2 27. Rb1 Qc3 28. Nxd6 $17) 27. Nxd6 {[%emt 0:00:52] [#]} (27. Kh1 {was called for.}) 27... Nxh3+ $1 28. Bxh3 Qg3+ 29. Bg2 Qxd6 30. Rc2 {[%emt 0:01:05] White is weak on the dark squares} Qf4 (30... Rxb2 $2 31. Rxb2 Qf4 32. Rb7 $18) 31. Qe2 Rb3 {[%emt 0:00:24] Inhibits Qf3.} 32. Rdd2 Reb8 (32... Rg3 33. Rxd4 Rxg2+ (33... Rxg4 $2 34. Rxc5 Ra8 35. Qd1 $18) 34. Kxg2 $11) 33. e5 {[%emt 0:02:02] [#]} Re3 $3 34. Rxd4 (34. fxe3 $2 Bxe3+ $19) 34... Rxe2 35. Rxf4 Rxc2 {[%emt 0:00:03][%mdl 4096] Endgame. KRR-KRB} 36. Bd5 Rf8 (36... Rbxb2 37. Rxf7 Rd2 38. Bc4 $17) 37. Rc4 $2 (37. b4) 37... Rxc4 38. Bxc4 Re8 39. f4 {[%emt 0:00:09] [#]} g5 $1 40. e6 (40. Bb5 Rb8) 40... Rxe6 (40... gxf4 41. exf7+ Kf8 42. fxe8=B $18 (42. fxe8=N Kxe8 43. g5 Ke7 44. Bd3 Kf7 45. Bxh7 f3 46. Kf2 Ke6) (42. fxe8=Q+ Kxe8 43. g5 Kf8 44. Kg2 f3+ 45. Kxf3 Kg7 46. Ke4 Kg6)) 41. Bxe6 fxe6 42. fxg5 Kg7 {[%emt 0:00:06] Weighted Error Value: White=0.88/Black=0.08 (flawless) .  Mistake:       	White=4     	---        Inaccurate:     	White=1     	Black=1      OK:         	White=5     	Black=10     Best:        	White=3     	Black=5      Strong:       	---       	Black=1      Brilliant:      	---       	Black=1} 0-1

[Event "Srdja Dragasevic Memorial-A 2024"]
[Site "Cetinje"]
[Date "2024.06.24"]
[Round "4.3"]
[White "Milanovic, Danilo"]
[Black "Kalezic, Blazo"]
[Result "1/2-1/2"]
[ECO "D10"]
[WhiteElo "2438"]
[BlackElo "2398"]
[Annotator "TA"]
[PlyCount "31"]
[EventDate "2024.06.23"]
[EventType "swiss"]
[EventCountry "MNE"]
[SourceTitle "playchess.com"]
[Source "ChessBase"]
[SourceQuality "1"]
[TimeControl "40/5400+30:1800+30"]

1. d4 d5 2. c4 c6 3. cxd5 cxd5 4. Bf4 Nc6 5. e3 Nf6 6. Bb5 Bd7 7. Nc3 e6 8. Bd3 {[%emt 0:17:40] White has an edge.} Rc8 9. h3 Be7 10. Nf3 O-O 11. O-O Na5 12. Ne5 Bc6 13. Qe2 Nd7 14. Nxc6 Nxc6 15. Rac1 Nb6 16. Rfd1 {[%emt 0:05:28] An uneventful encounter.   Weighted Error Value: White=0.10 (very precise) /Black=0.08 (flawless) .  OK:         	White=1     	Black=4} 1/2-1/2

[Event "Srdja Dragasevic Memorial-A 2024"]
[Site "Cetinje"]
[Date "2024.06.24"]
[Round "4.4"]
[White "Hart, Alexander"]
[Black "Tadic, Stefan"]
[Result "0-1"]
[ECO "D10"]
[WhiteElo "1949"]
[BlackElo "2421"]
[Annotator "RC"]
[PlyCount "108"]
[EventDate "2024.06.23"]
[EventType "swiss"]
[EventCountry "MNE"]
[SourceTitle "playchess.com"]
[Source "ChessBase"]
[SourceQuality "1"]
[TimeControl "40/5400+30:1800+30"]

1. c4 c6 2. Nf3 d5 3. e3 Nf6 4. Nc3 Bf5 5. Qb3 Qb6 6. Qxb6 axb6 7. cxd5 Nxd5 8. Nxd5 cxd5 9. d4 f6 10. Bd2 Nc6 11. Bb5 e6 12. O-O Bd6 13. Rfc1 Kd7 14. Nh4 Bg4 15. f3 Bh5 16. g4 Bf7 17. Be1 h5 18. h3 g5 19. Ng2 hxg4 20. hxg4 Rh3 21. Kf2 f5 22. Bc3 fxg4 23. fxg4 Rf8 24. Ke2 Rh2 25. Rg1 Bg6 26. Raf1 Ra8 27. Bd3 Bxd3+ 28. Kxd3 Rxa2 29. Rf7+ Be7 30. Kc2 Ra8 31. Kb1 b5 32. Be1 Rah8 33. Bg3 R2h3 34. Be1 Rh1 35. Rff1 Rxg1 36. Rxg1 Bd6 37. Kc1 e5 38. dxe5 Nxe5 39. Bc3 Rh3 40. Bxe5 Bxe5 41. Rd1 Ke6 42. Ne1 Rxe3 43. Nd3 Bd6 44. Kd2 Re4 45. Rh1 Rxg4 46. Rh6+ Kd7 47. Ke3 Re4+ 48. Kf2 g4 49. Rg6 g3+ 50. Kf3 Re6 51. Rg5 Kc6 52. b4 d4 53. Nc5 Re3+ 54. Kg2 b6 0-1

[Event "Srdja Dragasevic Memorial-A 2024"]
[Site "Cetinje"]
[Date "2024.06.24"]
[Round "4.5"]
[White "Damljanovic, Branko"]
[Black "Mammadova, Narmin"]
[Result "0-1"]
[ECO "D45"]
[WhiteElo "2364"]
[BlackElo "2277"]
[Annotator "RC"]
[PlyCount "94"]
[EventDate "2024.06.23"]
[EventType "swiss"]
[EventCountry "MNE"]
[SourceTitle "playchess.com"]
[Source "ChessBase"]
[SourceQuality "1"]
[TimeControl "40/5400+30:1800+30"]

1. d4 d5 2. Nf3 Nf6 3. c4 c6 4. Nc3 e6 5. e3 Nbd7 6. b3 Bd6 7. Bb2 O-O 8. Be2 b6 9. O-O Bb7 10. Rc1 Re8 11. Rc2 Qe7 12. cxd5 exd5 13. Bd3 Ne4 14. Ne2 a5 15. a4 Qe6 16. Ng3 f5 17. Re1 Rf8 18. Nf1 Rae8 19. Ree2 Qh6 20. Ne1 g5 21. Qc1 Rf6 22. g3 Bb8 23. f4 g4 24. Ba3 Bd6 25. Bxd6 Rxd6 26. Rg2 c5 27. Bb5 Bc6 28. Nd2 Bxb5 29. axb5 Qf6 30. Qb2 Nxd2 31. Rgxd2 Rxe3 32. Nd3 cxd4 33. Rc8+ Kg7 34. Rc7 Kh6 35. b4 axb4 36. Qxb4 Re4 37. Rdc2 Kh5 38. R2c6 Rxc6 39. bxc6 Nc5 40. Ne5 Rxe5 41. fxe5 Qxe5 42. Rxh7+ Kg6 43. c7 Qe3+ 44. Kg2 Qe2+ 45. Kg1 Nd3 46. Qb1 Qf2+ 47. Kh1 Ne1 0-1

[Event "Srdja Dragasevic Memorial-A 2024"]
[Site "Cetinje"]
[Date "2024.06.24"]
[Round "4.6"]
[White "Djukic, Nikola"]
[Black "Vujosevic, Vladimir"]
[Result "1-0"]
[ECO "C78"]
[WhiteElo "2532"]
[BlackElo "2306"]
[Annotator "TA"]
[PlyCount "51"]
[EventDate "2024.06.23"]
[EventType "swiss"]
[EventCountry "MNE"]
[SourceTitle "playchess.com"]
[Source "ChessBase"]
[SourceQuality "1"]
[TimeControl "40/5400+30:1800+30"]

1. e4 e5 2. Nf3 Nc6 3. Bb5 a6 4. Ba4 Nf6 5. O-O b5 6. Bb3 Bb7 7. Re1 Bc5 8. c3 d6 9. d4 Bb6 10. a4 h6 11. Be3 Ng4 12. Bd5 Nxe3 13. fxe3 {[%emt 0:00:09] White is slightly better.} O-O 14. Qe2 bxa4 15. Nbd2 Qc8 16. Qc4 Na5 17. Qxa4 {[%emt 0:03:15] Strongly threatening b4. White is much more active.} Bxd5 18. exd5 Nb7 19. Nc4 e4 (19... a5 $16 {might work better.} 20. Nxb6 (20. dxe5 Nc5 $16) 20... cxb6) 20. Nfd2 $18 Nd8 (20... f5 $142 21. Qc6 a5 22. Nxb6 cxb6) 21. Nxe4 Qf5 {[%emt 0:07:38] [#]} 22. Nexd6 Qxd5 23. Rf1 Rb8 $2 (23... Qe6 {was called for.} 24. Nf5 Kh7) 24. Nf5 {[%emt 0:02:30] Threatens to win with Ne7+. Excellent horsemanship.} Kh7 25. Ne5 ({Don't take} 25. Qxa6 Qe6 26. b4 g6 $18) 25... Ra8 (25... Qe6 $142 26. Nd7 (26. Qxa6 Nc6 $18) 26... Nc6 27. Nxf8+ (27. Nxb8 Nxb8 28. c4 c5 $18) 27... Rxf8) 26. c4 {[%emt 0:08:17] Weighted Error Value: White=0.00 (flawless) /Black=0.32.  Mistake:       	---       	Black=4      Inaccurate:     	---       	Black=1      OK:         	White=9     	Black=3      Best:        	White=2     	---        Brilliant:      	White=1     	---} 1-0

[Event "Srdja Dragasevic Memorial-A 2024"]
[Site "Cetinje"]
[Date "2024.06.24"]
[Round "4.8"]
[White "Xie, Bryan"]
[Black "Tomic, Aleksandar"]
[Result "1-0"]
[ECO "B06"]
[WhiteElo "2281"]
[BlackElo "2388"]
[Annotator "RC"]
[PlyCount "43"]
[EventDate "2024.06.23"]
[EventType "swiss"]
[EventCountry "MNE"]
[SourceTitle "playchess.com"]
[Source "ChessBase"]
[SourceQuality "1"]
[TimeControl "40/5400+30:1800+30"]

1. e4 g6 2. d4 Bg7 3. Nc3 d5 4. exd5 Nf6 5. Bc4 Nbd7 6. Bg5 O-O 7. Bb3 Nb6 8. Bxf6 exf6 9. Nge2 a5 10. a4 Bg4 11. f3 Bc8 12. Qd2 Re8 13. O-O c6 14. dxc6 bxc6 15. Rfe1 f5 16. Rad1 Qd6 17. d5 cxd5 18. Nxd5 Bxb2 19. c3 Bb7 20. Nxb6 Qxb6+ 21. Nd4 Red8 22. Qxb2 1-0

[Event "Srdja Dragasevic Memorial-A 2024"]
[Site "Cetinje"]
[Date "2024.06.24"]
[Round "4.9"]
[White "Kosic, Dragan"]
[Black "Vujovic, Savo"]
[Result "1-0"]
[ECO "D05"]
[WhiteElo "2382"]
[BlackElo "2230"]
[Annotator "RC"]
[PlyCount "67"]
[EventDate "2024.06.23"]
[EventType "swiss"]
[EventCountry "MNE"]
[SourceTitle "playchess.com"]
[Source "ChessBase"]
[SourceQuality "1"]
[TimeControl "40/5400+30:1800+30"]

1. d4 d5 2. Nf3 e6 3. e3 c5 4. b3 Nf6 5. Bd3 Nc6 6. Bb2 cxd4 7. exd4 Bd6 8. O-O O-O 9. Nbd2 b6 10. Re1 Bb7 11. a3 Rc8 12. Ne5 Ne7 13. Qf3 Nf5 14. Bxf5 exf5 15. Qxf5 Ne4 16. Nxe4 dxe4 17. c4 Rc7 18. d5 f6 19. Nc6 Bxc6 20. dxc6 Kh8 21. Qxe4 Qc8 22. Rad1 Rxc6 23. g3 a5 24. a4 Bc5 25. Rd5 f5 26. Qe5 Rg6 27. Bd4 Bb4 28. Re2 f4 29. Qh5 Rf7 30. Bxb6 Bf8 31. Rd8 fxg3 32. hxg3 Qc6 33. Ree8 Kg8 34. Bc5 1-0

[Event "Srdja Dragasevic Memorial-A 2024"]
[Site "Cetinje"]
[Date "2024.06.24"]
[Round "4.10"]
[White "Willy, Stephen"]
[Black "Sukovic, Andrej"]
[Result "0-1"]
[ECO "C17"]
[WhiteElo "2046"]
[BlackElo "2350"]
[Annotator "RC"]
[PlyCount "58"]
[EventDate "2024.06.23"]
[EventType "swiss"]
[EventCountry "MNE"]
[SourceTitle "playchess.com"]
[Source "ChessBase"]
[SourceQuality "1"]
[TimeControl "40/5400+30:1800+30"]

1. e4 e6 2. d4 d5 3. Nc3 Bb4 4. e5 c5 5. Bd2 cxd4 6. Nb5 Bc5 7. Qg4 g6 8. Nf3 Nc6 9. Nbxd4 Bxd4 10. Nxd4 Nxe5 11. Qg3 f6 12. h4 Ne7 13. h5 Qb6 14. Bc3 g5 15. f4 Nf7 16. Bb5+ Bd7 17. Bxd7+ Kxd7 18. O-O-O Rhg8 19. Rhe1 gxf4 20. Qh3 Ng5 21. Qd3 Rae8 22. Nb3 e5 23. Bxe5 fxe5 24. Rxe5 Kc8 25. Rde1 Ne4 26. Qh3+ Kb8 27. Qh4 Qd6 28. Qxf4 Ref8 29. Qh2 Nc6 0-1

[Event "Srdja Dragasevic Memorial-A 2024"]
[Site "Cetinje"]
[Date "2024.06.24"]
[Round "4.11"]
[White "Atakisi, Umut"]
[Black "Kolmakov, Ivan D."]
[Result "0-1"]
[ECO "A13"]
[WhiteElo "2335"]
[BlackElo "1902"]
[Annotator "RC"]
[PlyCount "56"]
[EventDate "2024.06.23"]
[EventType "swiss"]
[EventCountry "MNE"]
[SourceTitle "playchess.com"]
[Source "ChessBase"]
[SourceQuality "1"]
[TimeControl "40/5400+30:1800+30"]

1. c4 e6 2. g3 d5 3. Bg2 Nc6 4. Nf3 dxc4 5. O-O Nf6 6. Qa4 Qd5 7. Na3 Bxa3 8. bxa3 b5 9. Qc2 Bb7 10. Bb2 O-O 11. a4 a6 12. axb5 axb5 13. a4 b4 14. Rfc1 Na5 15. Nh4 Qc5 16. Bxb7 Nxb7 17. Bxf6 gxf6 18. Qxc4 Qxc4 19. Rxc4 c5 20. a5 Rfc8 21. d4 Nxa5 22. Rxc5 Rxc5 23. dxc5 b3 24. c6 b2 25. Rb1 Nc4 26. c7 Rc8 27. Nf3 Rxc7 28. Kg2 Rb7 0-1

[Event "Srdja Dragasevic Memorial-A 2024"]
[Site "Cetinje"]
[Date "2024.06.24"]
[Round "4.12"]
[White "Skvortsova, Alena"]
[Black "Alimpic, Aleksa"]
[Result "0-1"]
[ECO "B13"]
[WhiteElo "2170"]
[BlackElo "2281"]
[Annotator "RC"]
[PlyCount "54"]
[EventDate "2024.06.23"]
[EventType "swiss"]
[EventCountry "MNE"]
[SourceTitle "playchess.com"]
[Source "ChessBase"]
[SourceQuality "1"]
[TimeControl "40/5400+30:1800+30"]

1. e4 c6 2. d4 d5 3. exd5 cxd5 4. Nf3 Nc6 5. c4 Nf6 6. h3 g6 7. c5 Bg7 8. Bb5 O-O 9. O-O Bd7 10. Nc3 b6 11. Re1 bxc5 12. dxc5 e6 13. Bxc6 Bxc6 14. Bf4 Ne4 15. Nxe4 dxe4 16. Ne5 Bd5 17. Qc2 Rc8 18. b4 Qh4 19. Bg3 Qh5 20. Rxe4 Bxe4 21. Qxe4 f5 22. Qc4 f4 23. Bxf4 Qf5 24. Re1 Qxf4 25. Qxe6+ Kh8 26. Nf3 Qxb4 27. c6 Qc5 0-1

[Event "Srdja Dragasevic Memorial-A 2024"]
[Site "Cetinje"]
[Date "2024.06.24"]
[Round "4.13"]
[White "Arora Honi"]
[Black "Holland, James P"]
[Result "1-0"]
[ECO "B67"]
[WhiteElo "2082"]
[BlackElo "2252"]
[Annotator "RC"]
[PlyCount "81"]
[EventDate "2024.06.23"]
[EventType "swiss"]
[EventCountry "MNE"]
[SourceTitle "playchess.com"]
[Source "ChessBase"]
[SourceQuality "1"]
[TimeControl "40/5400+30:1800+30"]

1. e4 c5 2. Nf3 d6 3. d4 cxd4 4. Nxd4 Nf6 5. Nc3 Nc6 6. Bg5 e6 7. Qd2 a6 8. O-O-O Bd7 9. f3 Nxd4 10. Qxd4 h6 11. Be3 Bc6 12. Kb1 d5 13. exd5 Nxd5 14. Bc4 Nxe3 15. Qxe3 Qg5 16. f4 Qc5 17. Qe2 Be7 18. Ne4 Bxe4 19. Qxe4 O-O 20. Rd7 b5 21. Bd3 g6 22. h4 h5 23. g4 Rad8 24. Rxe7 Qxe7 25. gxh5 Qf6 26. Rg1 Qd4 27. Qg2 Qxf4 28. hxg6 f5 29. h5 Qe3 30. Rh1 Qh6 31. Qc6 Rf6 32. a4 Rdf8 33. axb5 axb5 34. Bxb5 f4 35. Qf3 Qg5 36. Bd3 Rb8 37. h6 Qe5 38. b3 Qc3 39. h7+ Kh8 40. g7+ Kxg7 41. Qb7+ 1-0

[Event "Srdja Dragasevic Memorial-A 2024"]
[Site "Cetinje"]
[Date "2024.06.24"]
[Round "4.14"]
[White "Koljevic, Nikolina"]
[Black "Pogorelskikh, Sofia"]
[Result "1/2-1/2"]
[ECO "B31"]
[WhiteElo "2010"]
[BlackElo "2216"]
[Annotator "RC"]
[PlyCount "136"]
[EventDate "2024.06.23"]
[EventType "swiss"]
[EventCountry "MNE"]
[SourceTitle "playchess.com"]
[Source "ChessBase"]
[SourceQuality "1"]
[TimeControl "40/5400+30:1800+30"]

1. e4 c5 2. Nf3 Nc6 3. Bb5 g6 4. O-O Bg7 5. Re1 e5 6. a3 Nge7 7. b4 d6 8. Nc3 O-O 9. h3 h6 10. Bc4 Nd4 11. Nxd4 exd4 12. Nd5 Be6 13. d3 Bxd5 14. Bxd5 Nxd5 15. exd5 Qd7 16. Bf4 Rfc8 17. Qd2 g5 18. Bh2 cxb4 19. axb4 Rc3 20. Qe2 Qf5 21. Bxd6 Qxd5 22. Bg3 a6 23. f4 Rac8 24. Rec1 Qc6 25. fxg5 hxg5 26. Ra5 Rxc2 27. Rxc2 Qxc2 28. Qxc2 Rxc2 29. Rxg5 Kh7 30. Rg4 Rc6 31. Rh4+ Kg8 32. Kf1 Rb6 33. Be1 Rb5 34. Re4 f5 35. Re8+ Kf7 36. Rc8 Ke6 37. h4 Bf6 38. g3 Rd5 39. Ke2 Re5+ 40. Kf2 Re3 41. Re8+ Be7 42. Bd2 Kf7 43. Rb8 Rxd3 44. Bg5 Bxg5 45. hxg5 Kg6 46. Rxb7 Kxg5 47. Rg7+ Kf6 48. Ra7 Rb3 49. Rxa6+ Ke5 50. Rb6 Ke4 51. Re6+ Kd3 52. Re5 Kc2 53. Rc5+ Kd1 54. b5 d3 55. Rxf5 d2 56. Rc5 Rb4 57. Rd5 Rb2 58. g4 Kc1 59. Kf3 Rxb5 60. Rd6 d1=Q+ 61. Rxd1+ Kxd1 62. Kf4 Ke2 63. g5 Rb4+ 64. Kf5 Kf3 65. g6 Rb5+ 66. Kf6 Kf4 67. g7 Rb8 68. Kf7 Rb7+ 1/2-1/2

[Event "Srdja Dragasevic Memorial-A 2024"]
[Site "Cetinje"]
[Date "2024.06.24"]
[Round "4.15"]
[White "Djurovic, Peko"]
[Black "Abdulkarimli, Eljan"]
[Result "0-1"]
[ECO "C14"]
[WhiteElo "2292"]
[BlackElo "2124"]
[Annotator "RC"]
[PlyCount "66"]
[EventDate "2024.06.23"]
[EventType "swiss"]
[EventCountry "MNE"]
[SourceTitle "playchess.com"]
[Source "ChessBase"]
[SourceQuality "1"]
[TimeControl "40/5400+30:1800+30"]

1. e4 e6 2. d4 d5 3. Nc3 Nf6 4. Bg5 Be7 5. e5 Nfd7 6. h4 h6 7. Bxe7 Qxe7 8. Qg4 O-O 9. O-O-O c5 10. f4 Nc6 11. Nf3 a6 12. Rh3 cxd4 13. Nxd4 Nxd4 14. Rxd4 f6 15. Qe2 fxe5 16. fxe5 Nxe5 17. Qxe5 Rxf1+ 18. Rd1 Qf6 19. Qe2 Rf2 20. Qd3 Bd7 21. Re3 Qf5 22. g4 Qxd3 23. Rdxd3 Raf8 24. b3 Rg2 25. Rg3 Rff2 26. Rxg2 Rxg2 27. Rd4 Bc6 28. Rf4 e5 29. Rf5 d4 30. Na4 e4 31. Nc5 e3 32. Kb2 Rxg4 33. h5 Rg5 0-1

[Event "Srdja Dragasevic Memorial-A 2024"]
[Site "Cetinje"]
[Date "2024.06.24"]
[Round "4.16"]
[White "Pusara, Mihailo"]
[Black "Nikolic, Nebojsa"]
[Result "1-0"]
[ECO "B96"]
[WhiteElo "2117"]
[BlackElo "2268"]
[Annotator "RC"]
[PlyCount "91"]
[EventDate "2024.06.23"]
[EventType "swiss"]
[EventCountry "MNE"]
[SourceTitle "playchess.com"]
[Source "ChessBase"]
[SourceQuality "1"]
[TimeControl "40/5400+30:1800+30"]

1. e4 c5 2. Nf3 d6 3. d4 cxd4 4. Nxd4 Nf6 5. Nc3 a6 6. Bg5 e6 7. f4 h6 8. Bh4 Qb6 9. a3 Be7 10. Bf2 Qc7 11. Qf3 Nbd7 12. O-O-O b5 13. g4 g5 14. h4 gxf4 15. Be2 Ne5 16. Qxf4 Nexg4 17. Bxg4 e5 18. Qxf6 Bxf6 19. Nd5 Qd8 20. Nf5 Bxf5 21. Bxf5 Rb8 22. Rd3 Rg8 23. Rc3 Rg2 24. Be1 Kf8 25. Rc7 a5 26. Rf1 b4 27. Rd7 Bg5+ 28. Kb1 bxa3 29. Rxd8+ Bxd8 30. b3 a2+ 31. Kxa2 Rxc2+ 32. Ka3 Rc1 33. Kb2 Rd1 34. Nc3 Rd4 35. Kc2 a4 36. Nxa4 Rb7 37. Bc3 Rc7 38. Kb2 Rd3 39. Ba5 Rb7 40. Bxd8 Rdxb3+ 41. Kc2 Ra3 42. Nc3 Ke8 43. Bf6 Rc7 44. Rf3 Ra2+ 45. Kb3 Rca7 46. Nxa2 1-0

[Event "Srdja Dragasevic Memorial-A 2024"]
[Site "Cetinje"]
[Date "2024.06.24"]
[Round "4.17"]
[White "Miletic, Vuk"]
[Black "Engin, Onur Cinar"]
[Result "0-1"]
[ECO "D13"]
[WhiteElo "2193"]
[BlackElo "2114"]
[Annotator "RC"]
[PlyCount "100"]
[EventDate "2024.06.23"]
[EventType "swiss"]
[EventCountry "MNE"]
[SourceTitle "playchess.com"]
[Source "ChessBase"]
[SourceQuality "1"]
[TimeControl "40/5400+30:1800+30"]

1. d4 d5 2. c4 c6 3. Nc3 Nf6 4. cxd5 cxd5 5. Bf4 Nc6 6. Nf3 e6 7. e3 Be7 8. h3 O-O 9. Bd3 Bd7 10. O-O Qb6 11. Qe2 Rfc8 12. Rac1 Qd8 13. Ne5 Be8 14. Bb1 Nxe5 15. dxe5 Nd7 16. Nb5 Qb6 17. Nd4 f6 18. Nf3 Nc5 19. exf6 gxf6 20. Ne5 fxe5 21. Qg4+ Bg6 22. Bxg6 exf4 23. Bb1+ Kf8 24. Qxf4+ Ke8 25. b4 Nd7 26. Bxh7 Nf6 27. Bg6+ Kd8 28. a3 Qd6 29. Qd4 Qb6 30. Qf4 Rxc1 31. Rxc1 Rc8 32. Rd1 Qa6 33. g4 Qxa3 34. g5 Nd7 35. Qf7 Rc1 36. Rxc1 Qxc1+ 37. Kg2 Bxg5 38. Qg8+ Kc7 39. Be8 Bd8 40. Qxe6 Qc6 41. Qf5 Qd6 42. Bf7 Nf6 43. b5 Kb6 44. h4 Qd7 45. Be6 Qxb5 46. Qe5 Qb4 47. Bf5 a5 48. h5 Nxh5 49. Qxd5 Be7 50. Bc8 Kc7 0-1